 Dungeon Crawl Stone Soup version 0.27.1-33-g824d729ab1 (webtiles) character file.

Game seed: 3370316583550295880

2137 worthlessgem the Digger (level 9, 63/63 HPs)
             Began as a Formicid Earth Elementalist on Dec 1, 2021.
             Was a Priest of Ashenzari.
             Quit the game on level 8 of the Dungeon.
             The game lasted 01:19:40 (13424 turns).

worthlessgem the Digger (FoEE)                     Turns: 13424, Time: 01:19:41

Health: 63/63      AC:  6    Str: 13    XL:     9   Next: 55%
Magic:  17/17      EV: 12    Int: 24    God:    Ashenzari [***...]
Gold:   288        SH:  0    Dex: 11    Spells: 2/18 levels left

rFire    . . .     SeeInvis +   q - +2 whip (elec)
rCold    . . .     Faith    .   (no shield)
rNeg     . . .     Spirit   .   b - +0 robe "Manifest Fetters" {Comp, Alch} (curse)
rPois    .         Reflect  .   (helmet unavailable)
rElec    .         Harm     .   E - scarf {+Inv}
rCorr    .         Rampage  .   F - +2 pair of gloves "Thunder Perfect Mind" {Melee, Bglg} (curse)
Will     .....     Clarity  +   g - +0 pair of boots of Ashenzari's Paranoia {Range, Evo} (curse)
Stlth    ++........             y - amulet of Supernal Gnosis {Regen+, Melee, Fort} (curse)
HPRegen  1.20/turn              l - +6 ring of intelligence
MPRegen  0.15/turn              (no ring)

@: no status effects
A: permanent stasis, dig shafts and tunnels, antennae 3, four strong arms
a: Dig, Shaft Self, Renounce Religion, Evoke Invisibility, Shatter the Chains


You were on level 8 of the Dungeon.
You worshipped Ashenzari.
Ashenzari was most pleased with you.
You visited 1 branch of the dungeon, and saw 8 of its levels.
You also visited: Sewer and Ossuary.

You collected 517 gold pieces.
You spent 229 gold pieces at shops.

Inventory:

Hand Weapons
 a - a +0 dagger of freezing
 q - a +2 whip of electrocution (weapon)
 C - a +3 hunting sling of flaming
Missiles
 c - 150 stones (quivered)
 m - 2 boomerangs of dispersal
 o - 35 poisoned darts
 p - a throwing net
Armour
 b - the cursed +0 robe "Manifest Fetters" (worn) {Comp, Alch}

   It has a curse which improves the following skills: Companions: Summonings
   and Necromancy.
   Alchemy:   Poison Magic and Transmutations.
 g - the cursed +0 pair of boots of Ashenzari's Paranoia (worn) {Range, Evo}
   (You bought it in a shop on level 3 of the Dungeon)

   It has a curse which improves the following skills: Ranged Combat: Slings,
   Bows, Crossbows and Throwing.
   Evocations: Evocations.
 E - a scarf of invisibility (worn)
 F - the cursed +2 pair of gloves "Thunder Perfect Mind" (worn) {Melee, Bglg}
   (You found it on level 8 of the Dungeon)

   It has a curse which improves the following skills: Melee Combat: Short
   Blades, Long Blades, Axes, Maces & Flails, Polearms, Staves and Unarmed
   Combat.
   Beguiling: Conjurations, Hexes and Translocations.
 G - +1 steam dragon scales
Jewellery
 l - a +6 ring of intelligence (left hand)
 y - the cursed amulet of Supernal Gnosis (around neck) {Regen+, Melee, Fort}
   (You bought it in a shop on level 6 of the Dungeon)

   [amulet of regeneration]

   Regen:     It increases your rate of health regeneration.
   It has a curse which improves the following skills: Melee Combat: Short
   Blades, Long Blades, Axes, Maces & Flails, Polearms, Staves and Unarmed
   Combat.
   Fortitude: Armour and Shields.
 A - the amulet of Nuttan {Reflect rPois rF- rC+ rN+ SH+5}
   (You acquired it on level 6 of the Dungeon)

   [amulet of reflection]

   It reflects blocked missile attacks.
   rF:        It makes you vulnerable to fire.
   rC:        It protects you from cold.
   rPois:     It protects you from poison.
   rN:        It protects you from negative energy.
   SH:        It affects your SH (+5).
 D - a ring of positive energy
Wands
 d - a wand of flame (8)
 h - a wand of mindburst (17)
 s - a wand of digging (4)
Scrolls
 e - a scroll of silence
 t - a scroll of magic mapping
 v - 2 scrolls of immolation
 B - 2 scrolls of fear
Potions
 f - 3 potions of lignification
 i - a potion of attraction
 j - 2 potions of mutation
 k - 3 potions of curing
 n - 3 potions of magic
 r - 2 potions of heal wounds
 u - a potion of might
 w - 3 potions of cancellation
 x - a potion of flight
 z - a potion of invisibility


   Skills:
 + Level 3.1 Fighting
 - Level 1.7 Dodging
 - Level 2.4 Stealth
 - Level 5.4 Spellcasting
 - Level 3.3(5.0) Conjurations
 - Level 5.7(7.6) Transmutations
 * Level 2.7 Ice Magic
 + Level 3.4 Air Magic
 - Level 7.7 Earth Magic
 - Level 2.1(3.6) Poison Magic


You had 2 spell levels left.
You knew the following spells:

 Your Spells              Type           Power      Damage    Failure   Level
a - Sandblast             Erth           86%        2d18      1%          1
b - Passwall              Tmut/Erth      35%        N/A       1%          2
c - Stone Arrow           Conj/Erth      74%        3d11      1%          3
d - Petrify               Tmut/Erth      43%        N/A       3%          4
e - Beastly Appendage     Tmut           86%        N/A       1%          1
f - Call Imp              Summ           7%         N/A       12%         2
g - Mephitic Cloud        Conj/Pois/Air  25%        N/A       4%          3

Your spell library contained the following spells:

 Spells                   Type           Power      Damage    Failure   Level
 Magic Dart               Conj           100%       1d8       1%          1
 Sting                    Tmut/Pois      100%       1d8       1%          1
 Wereblood                Tmut           43%        N/A       1%          2
 Poisonous Vapours        Pois/Air       46%        N/A       3%          2
 Corpse Rot               Necr/Air       N/A        N/A       6%          2
 Pain                     Necr           28%        1d5       8%          1
 Slow                     Hex            7%         N/A       12%         2
 Sublimation of Blood     Necr           3%         N/A       12%         2
 Spider Form              Tmut/Pois      16%        N/A       2%          3
 Ozocubu's Armour         Ice            19%        N/A       9%          3
 Olgreb's Toxic Radiance  Pois           24%        N/A       19%         4
 Vampiric Draining        Necr           3%         2d6       22%         3
 Confusing Touch          Hex            7%         N/A       24%         3
 Freezing Cloud           Conj/Ice/Air   12%        6-21      45%         5
 Animate Dead             Necr           3%         N/A       58%         4
 Metabolic Englaciation   Hex/Ice        6%         N/A       77%         5
 Simulacrum               Ice/Necr       6%         N/A       100%        6
 Summon Hydra             Summ           3%         N/A       100%        7


Dungeon Overview and Level Annotations

Branches:
Dungeon (8/15)             Temple (0/1) D:6            Lair (0/6) D:8
  Sewer (visited)         Ossuary (visited)

Altars:
Ashenzari
Gozag
Nemelex Xobeh
Okawaru
Qazlal
Ru
Xom

Shops:
D:3 [   D:6 *   D:8 [

Annotations:
D:4 exclusion: lemure


Innate Abilities, Weirdness & Mutations

You cannot be hasted, slowed, berserked, paralysed or teleported.
You can dig through walls and to a lower floor.
You have a pair of large antennae on your head. (SInv)
Your four strong arms can wield two-handed weapons with a shield.


Message History

You resist with some effort.
You turn to flesh and can move again.
You barely miss the basilisk.
The basilisk is almost dead.
The basilisk gazes at you.
You are slowing down.
You hit the basilisk but do no damage.
The basilisk is almost dead.
The basilisk bites you!
Your limbs are stiffening.
Unknown command.
You barely miss the basilisk.
The basilisk is almost dead.
The basilisk gazes at you. You resist with some effort.
The basilisk gazes at you.
Your limbs have turned to stone.
You have turned to stone.
The basilisk bites you. The basilisk gazes at you. You resist with some effort.
The basilisk bites you! The basilisk gazes at you. The basilisk bites you.
The basilisk bites you but does no damage.
The basilisk bites you!
You turn to flesh and can move again.
You hit the basilisk.
The basilisk is almost dead.
The basilisk bites you.
Unknown command.
You whack the basilisk! Lightning courses through the basilisk!
You kill the basilisk!
Your Fighting skill increases to level 3!
You start resting.
HP restored.
You see here a basilisk corpse.
You start resting.
Magic restored.
Found a staircase to the Lair.
Unknown command.
Are you sure you want to abandon this character and quit the game? (Confirm with "yes".)

,
.....P....#.....#.#
#.#
.>...........#....#
#.#
....PP....#.....#.#
#.#
....P..#......#...#
#.# * ,
......###.#.#.##†.#
#.#
....#####.#.#.###.#
#.. #.# * #.#.#.#.#
#.#####.# .
#.#.#.#.# #.......#
* #.@.....#
##.###### * *
#####.######.#
#........#
#.######.# , #.#
#.# , #.# ### #.# ,
#.# * * ###


There were no monsters in sight!

Vanquished Creatures
  A basilisk (D:8)
  A wyvern (D:8)
  A steam dragon (D:8)
  An orc warrior (D:8)
  A necrophage (D:5)
  An ogre (D:6)
  2 phantoms (D:5)
  5 kobold brigands (Sewer)
  A bullfrog (D:8)
  A wyvern skeleton (D:6)
  A crimson imp (D:4)
  2 centaur skeletons
  4 hounds
  3 orc priests
  A gnoll shaman (D:5)
  An iguana (D:2)
  3 orc wizards
  A hound zombie (D:5)
  4 mummies (Ossuary)
  4 adders
  14 gnolls
  A river rat (Sewer)
  A white imp (D:4)
  3 worms (Sewer)
  2 dart slugs
  16 orcs
  4 bats
  12 endoplasms
  7 giant cockroaches
  9 goblins
  11 hobgoblins
  9 jackals
  7 kobolds
  3 quokkas
  13 ball pythons
  3 frilled lizards
  2 hobgoblin zombies (Ossuary)
  A kobold zombie (Ossuary)
  2 orc zombies (Ossuary)
  11 rats
170 creatures vanquished.

Vanquished Creatures (collateral kills)
  An ice beast (D:6)
  4 mummies (Ossuary)
  2 hobgoblin zombies (Ossuary)
  A kobold zombie (Ossuary)
8 creatures vanquished.

Grand Total: 178 creatures vanquished

Notes
Turn   | Place    | Note
-------+----------+-------------------------------------------
     0 | D:1      | worthlessgem the Formicid Earth Elementalist began the
                  | quest for the Orb.
     0 | D:1      | Reached XP level 1. HP: 13/13 MP: 3/3
   494 | D:1      | Reached skill level 1 in Conjurations
   494 | D:1      | Reached XP level 2. HP: 9/19 MP: 1/5
   536 | D:1      | Learned a level 2 spell: Passwall
   655 | D:1      | Found a faded altar of an unknown god.
  1190 | D:2      | Reached skill level 4 in Earth Magic
  1299 | D:2      | Found a shimmering altar of Xom.
  1324 | D:2      | Reached XP level 3. HP: 22/24 MP: 6/6
  1328 | D:2      | Learned a level 3 spell: Stone Arrow
  2694 | D:1      | Reached XP level 4. HP: 22/30 MP: 7/7
  2696 | D:1      | Learned a level 1 spell: Beastly Appendage
  3701 | D:2      | Reached XP level 5. HP: 35/35 MP: 6/8
  3705 | D:2      | Reached skill level 5 in Earth Magic
  4226 | D:2      | Found a shimmering altar of Xom.
  4637 | D:3      | Got the Collected Works on Stolen Souls
  4812 | D:3      | Found Hogarakk's Antique Armour Emporium.
  5602 | D:3      | Found a sacrificial altar of Ru.
  5759 | D:4      | Found a broken altar of Ashenzari.
  5775 | D:4      | Became a worshipper of Ashenzari the Shackled
  5837 | D:4      | Found a glowing drain.
  5838 | Sewer    | Entered a sewer
  5940 | Sewer    | Reached XP level 6. HP: 41/41 MP: 8/10
  6403 | Sewer    | Reached skill level 6 in Earth Magic
  6629 | Sewer    | Learned a level 4 spell: Petrify
  6762 | Sewer    | Reached XP level 7. HP: 24/46 MP: 8/11
  7843 | Sewer    | Reached skill level 5 in Transmutations
  7843 | Sewer    | Reached skill level 7 in Earth Magic
  9101 | D:4      | Reached XP level 8. HP: 36/52 MP: 2/12
  9712 | D:5      | Entered Level 5 of the Dungeon
  9731 | D:5      | Learned a level 2 spell: Call Imp
  9862 | D:5      | Reached skill level 1 in Poison Magic
  9963 | D:3      | Bought a pair of boots for 94 gold pieces
  9968 | D:3      | Reached * piety under Ashenzari
 10110 | D:5      | Found a stormy altar of Qazlal.
 10160 | D:5      | Reached skill level 1 in Air Magic
 10199 | D:5      | Identified the cursed +0 pair of boots of Ashenzari's
                  | Paranoia {Range, Evo} (You bought it in a shop on level 3
                  | of the Dungeon)
 11017 | D:5      | Reached ** piety under Ashenzari
 11209 | D:6      | Found a sand-covered staircase.
 11218 | Ossuary  | Entered an ossuary
 11343 | Ossuary  | Reached skill level 5 in Spellcasting
 11681 | D:6      | Found Owotis's Assorted Antiques.
 11719 | D:6      | Reached XP level 9. HP: 35/57 MP: 8/17
 11842 | D:6      | Bought a tiny filigree amulet for 135 gold pieces
 11875 | D:6      | Identified a scroll of acquirement
 11884 | D:6      | Learned a level 3 spell: Mephitic Cloud
 11911 | D:6      | Found an opulent altar of Gozag.
 11953 | D:6      | Reached *** piety under Ashenzari
 12172 | D:6      | Found a staircase to the Ecumenical Temple.
 12211 | D:6      | Reached skill level 1 in Fighting
 12565 | D:6      | Found a sparkling altar of Nemelex Xobeh.
 12758 | D:8      | Acquired the amulet of Nuttan {Reflect rPois rF- rC+ rN+
                  | SH+5}
 12859 | D:8      | Found Vaziusen's Antique Armour Shoppe.
 12916 | D:8      | Found an iron altar of Okawaru.
 12946 | D:8      | Noticed a two-headed ogre
 13122 | D:8      | Identified the +1 chain mail "Tadaj" {rC- rN+ Stlth+}
 13143 | D:8      | Reached skill level 1 in Ice Magic
 13416 | D:8      | Found a staircase to the Lair.
 13424 | D:8      | Quit the game

Illustrated notes

Levels and vault maps discovered:
D:1:      lemuel_arrival_river_ford, layout_rooms,
          shapermc_ecumenical_altar_notcrosses
D:2:      layout_loops_ring, basic_altar
D:3:      layout_basic, lemuel_coloured_pillars_altar, serial_corexii_hall,
          corexii_hall_statues_i, corexii_hall_statues_t,
          chequers_hall_statues_wall_a, corexii_hall_statues_i,
          corexii_hall_statues_i, corexii_hall_statues_l, serial_shops,
          shop_fountains, amcnicky_mini_pool_small
D:4:      layout_gridville, mainiacjoe_overflow_alcove_4, gup_sewer_entry_bowl,
          minmay_fire_ice_demons, uniq_pikel
D:5:      layout_basic, nicolae_qazlal_scattered_showers
D:6:      layout_loops_ring, mainiacjoe_overflow_surrounded_room,
          nemelex_dance_club_becter, temple_green, serial_shops, shop,
          enter_ossuary_1
D:7:      lemuel_ice_spiral_2, layout_basic, mainiacjoe_overflow_24_doors,
          uniq_duvessa
D:8:      layout_basic, kennysheep_little_box, david_lair_generic,
          nicolae_take_the_stairs, minmay_misc_feat_five, minmay_statues_item,
          grunt_ministairs_5, minmay_crossroads, uniq_joseph

Skill      XL: |  1  2  3  4  5  6  7  8  9 |
---------------+----------------------------+-----
Conjurations   | 1 2 3 |  3.3
Earth Magic    | 4 5 6 7 |  7.7
Transmutations | 2 4 5 |  5.7
Spellcasting   | 3 5 |  5.4
Poison Magic   | 2 |  2.1
Air Magic      | 2 3 |  3.4
Fighting       | 3 |  3.1
Ice Magic      | 2 |  2.7
Dodging        | |  1.7
Stealth        | |  2.4

Action                   |  1- 3 |  4- 6 |  7- 9 || total
-------------------------+-------+-------+-------++-------
Melee: Unarmed           |    22 |       |       ||    22
       Club              |    31 |       |       ||    31
       Dagger            |   118 |    27 |    17 ||   162
       Whip              |       |   101 |   218 ||   319
       Kick              |       |     6 |    22 ||    28
 Fire: Hunting sling     |       |    27 |    28 ||    55
Throw: Stone             |     1 |     4 |     2 ||     7
 Cast: Sandblast         |    13 |    15 |    40 ||    68
       Stone Arrow       |     1 |     3 |    17 ||    21
       Beastly Appendage |       |    10 |    24 ||    34
       Passwall          |       |     5 |    14 ||    19
       Petrify           |       |       |     4 ||     4
       Call Imp          |       |       |    27 ||    27
       Mephitic Cloud    |       |       |     5 ||     5
Invok: Curse Item        |       |       |     5 ||     5
       Shatter the Chain |       |       |     1 ||     1
 Abil: Dig               |     6 |     5 |     9 ||    20
  Use: Potion            |       |       |     2 ||     2
       Scroll            |       |       |     5 ||     5
 Stab: Sleeping          |     3 |     2 |     2 ||     7
       Petrified         |       |       |    10 ||    10
       Confused          |       |       |     6 ||     6
Armor: Robe              |    34 |    25 |    31 ||    90
Dodge: Dodged            |   116 |    77 |   180 ||   373
